 Dungeon Crawl Stone Soup version 0.29.1-2-gbd0b4ee654 (webtiles) character file.

Game seed: 16023857969518516879

7183 RUZZLEFAZAZZLE the Blocker (level 11, 0/89 HPs)
             Began as a Gnoll Fighter on Nov 18, 2022.
             Was an Elder of Okawaru.
             Slain by a boulder beetle (18 damage)
             ... on level 11 of the Dungeon.
             The game lasted 00:26:47 (11015 turns).

RUZZLEFAZAZZLE the Blocker (Gnoll Fighter)         Turns: 11015, Time: 00:26:48

Health: 0/89       AC: 14    Str: 23    XL:     11   Next: 11%
Magic:  20/20      EV: 11    Int: 11    God:    Okawaru [****..]
Gold:   577        SH:  7    Dex: 20    Spells: 22/22 levels left

rFire   + . .      SeeInvis .   b - +3 war axe of Charity {flame, rC- Str+4 Int+3 Dex+8}
rCold   x . .      Faith    .   c - +0 buckler
rNeg    . . .      Spirit   .   h - +0 chain mail
rPois   .          Reflect  .   (no helmet)
rElec   .          Harm     .   (no cloak)
rCorr   +          Rampage  .   l - +2 pair of gloves
Will    .....                   (no boots)
Stlth   +.........              v - amulet of regeneration
HPRegen 1.04/turn               H - ring of resist corrosion
MPRegen 0.17/turn               (no ring)

@: about to teleport
A: fangs 1, strong nose, distributed training, fire resistance 1
a: Renounce Religion, Heroism, Finesse


You were on level 11 of the Dungeon.
You worshipped Okawaru.
Okawaru was greatly pleased with you.
You visited 2 branches of the dungeon, and saw 12 of its levels.

You collected 821 gold pieces.
You spent 244 gold pieces at shops.

Inventory:

Hand Weapons
 b - the +3 war axe of Charity (weapon) {flame, rC- Str+4 Int+3 Dex+8}
   (You found it on level 5 of the Dungeon)

   It burns those it strikes, dealing additional fire damage.
   Big, fiery blades are also staple armaments of hydra-hunters.
   Str:       It affects your strength (+4).
   Int:       It affects your intelligence (+3).
   Dex:       It affects your dexterity (+8).
   rC:        It makes you vulnerable to cold.
 e - a +4 mace of freezing
 w - a +2 mace of draining
 B - a +0 flail of freezing
Missiles
 G - 6 javelins (quivered)
Armour
 a - a +0 troll leather armour
 c - a +0 buckler (worn)
 h - a +0 chain mail (worn)
 l - a +2 pair of gloves (worn)
Jewellery
 v - an amulet of regeneration (around neck)
 H - a ring of resist corrosion (left hand)
Wands
 n - a wand of quicksilver (19)
 q - a wand of roots (8)
 x - a wand of paralysis (10)
 C - a wand of flame (15)
Scrolls
 i - 2 scrolls of brand weapon
 j - 4 scrolls of teleportation
 k - 2 scrolls of amnesia
 t - 2 scrolls of magic mapping
 u - a scroll of enchant weapon
 y - a scroll of poison
 z - a scroll of blinking
 A - a scroll of fear
 I - a scroll of silence {unknown}
Potions
 d - 2 potions of might
 f - a potion of brilliance
 g - a potion of invisibility {unknown}
 m - a potion of haste
 o - a potion of resistance
 p - 2 potions of curing
 r - 2 potions of magic
 s - 2 potions of flight
 D - 2 potions of berserk rage
 F - 2 potions of lignification


   Skills:
 + Level 9.1 Fighting
 + Level 6.2 Short Blades
 + Level 6.2 Long Blades
 + Level 6.2 Axes
 + Level 7.8 Maces & Flails
 + Level 6.2 Polearms
 + Level 6.2 Staves
 + Level 6.2 Ranged Weapons
 + Level 6.2 Throwing
 + Level 9.1 Armour
 + Level 6.2 Dodging
 + Level 6.2 Stealth
 + Level 9.1 Shields
 + Level 6.2 Unarmed Combat
 + Level 6.2 Spellcasting
 + Level 5.1 Conjurations
 + Level 5.1 Hexes
 + Level 5.1 Summonings
 + Level 5.1 Necromancy
 + Level 5.1 Translocations
 + Level 5.1 Transmutations
 + Level 5.1 Fire Magic
 + Level 5.1 Ice Magic
 + Level 5.1 Air Magic
 + Level 5.1 Earth Magic
 + Level 5.1 Poison Magic
 + Level 6.8 Invocations
 + Level 6.2 Evocations


You had 22 spell levels left.
You didn't know any spells.
Your spell library contained the following spells:

 Spells                   Type           Power      Damage    Failure   Level
 Freeze                   Ice            56%        1d7       17%         1
 Magic Dart               Conj           56%        1d5       17%         1
 Searing Ray              Conj           28%        2d5       26%         2
 Conjure Flame            Conj/Fire      14%        6-21      45%         3
 Dazzling Flash           Conj/Hex       28%        N/A       45%         3
 Frozen Ramparts          Ice            28%        1d5       45%         3
 Ignite Poison            Fire/Tmut/Pois 14%        N/A       45%         3
 Inner Flame              Hex/Fire       14%        N/A       45%         3
 Mephitic Cloud           Conj/Pois/Air  14%        N/A       45%         3
 Airstrike                Air            7%         2d(1-17)  86%         4
 Cause Fear               Hex            7%         N/A       86%         4
 Fulminant Prism          Conj/Hex       7%         3d7       86%         4
 Hailstorm                Conj/Ice       14%        3d5       86%         4
 Iskenderun's Mystic Bla  Conj/Tloc      14%        2d5       86%         4
 Sticky Flame             Conj/Fire      14%        2d4       86%         4
 Blade Hands              Tmut           7%         N/A       99%         5
 Lightning Bolt           Conj/Air       7%         1d19      99%         5
 Iron Shot                Conj/Erth      7%         9d2       100%        6
 Starburst                Conj/Fire      7%         6d4       100%        6
 Discord                  Hex            7%         N/A       100%        8
 Call Imp                 Summ           Unusable   N/A       N/A         2
 Animate Armour           Summ/Erth      Unusable   N/A       N/A         4
 Animate Dead             Necr           Unusable   N/A       N/A         4
 Summon Lightning Spire   Summ/Air       Unusable   N/A       N/A         4
 Haunt                    Necr/Summ      Unusable   N/A       N/A         7
 Infestation              Necr           Unusable   N/A       N/A         8

Dungeon Overview and Level Annotations

Branches:
Dungeon (11/15)            Temple (1/1) D:5            Lair (0/5) D:9
    Orc: D:9-12

Altars:
Ashenzari
Cheibriados
Dithmenos
Elyvilon
Fedhas
Gozag
Hepliaklqana
Kikubaaqudgha
Makhleb
Nemelex Xobeh
Okawaru
Qazlal
Ru
Sif Muna
Trog
Uskayaw
Vehumet
Wu Jian
Xom
Yredelemnul
Zin
The Shining One

Shops:
D:9 *


Innate Abilities, Weirdness & Mutations

You have very sharp teeth.
Your uncanny sense of smell can sniff out nearby items.
Your experience applies equally to all skills.
Your flesh is heat resistant. (rF+)


Message History

You block the troll's attack. The troll closely misses you.
The troll claws you.
* * * LOW HITPOINT WARNING * * *
The troll claws you but does no damage. The kobold barely misses you.
Really read the scroll of immolation?
As you read the scroll of immolation, it crumbles to dust.
The creatures around you are filled with an inner flame!
A kobold comes into view. It is wielding a +0 whip.
You block the kobold's attack. The troll bites you but does no damage.
The troll closely misses you. x2
As you read the scroll of teleportation, it crumbles to dust.
You feel strangely unstable. You block the kobold's attack. x2
The troll bites you but does no damage. The troll claws you!
* * * LOW HITPOINT WARNING * * *
The troll claws you but does no damage. The kobold attacks as you move away!
The kobold hits you with a +0 whip.
* * * LOW HITPOINT WARNING * * *
The kobold attacks as you move away! The kobold barely misses you.
You slash the kobold! You burn the kobold.
You kill the kobold!
Okawaru accepts your kill.
Your surroundings suddenly seem different.
A shadow and a boulder beetle come into view.
Found 16 gold pieces.
Something hits you but does no damage.
Deactivating autopickup; reactivate with Ctrl-A.
Okay, then.
As you read the scroll of teleportation, it crumbles to dust.
You feel strangely unstable. Something hits you.
* * * LOW HITPOINT WARNING * * *
The boulder beetle curls into a ball and begins rolling!
You hit the shadow. You burn the shadow.
The shadow is lightly damaged.
Something hits you.
* * * LOW HITPOINT WARNING * * *
You block the shadow's attack. Something hits you but does no damage.
You barely miss the shadow.
The shadow is lightly damaged.
You barely miss the boulder beetle. You hit something but do no damage.
Something hits you but does no damage. The boulder beetle hits you!!
You die...

#......
#####.......
#...........
#...........
#.........#
###........#
#.....B....#
#....@W°°..#
#....{.....#
##....{....#
#......$..#
##........#∆
##...#####
###.# .#


You could see a boulder beetle (rolling) and a shadow.

Vanquished Creatures
  Maurice (D:9)
  An elephant (D:9)
  A gargoyle (D:11)
  The ghost of ripuliukko the Chopper, a novice GrFi (D:5)
  A troll (D:9)
  A hornet (D:10)
  A shadow (D:9)
  A vampire (D:11)
  2 wraiths (D:10)
  2 wyverns
  6 yaks (D:9)
  2 acid dragons
  2 water moccasins
  A sky beast (D:8)
  3 black bears
  3 orc warriors
  2 centaurs
  2 ogres (D:5)
  2 kobold brigands
  5 bullfrogs
  A necrophage (D:5)
  3 scorpions
  11 wights
  A howler monkey (D:8)
  A crimson imp (D:5)
  3 hounds
  11 orc priests
  A jelly (D:7)
  Jessica (D:2)
  Natasha (thrice) (D:4)
  Terence (D:2)
  5 iguanas
  11 orc wizards
  5 adders
  2 shadow imps
  An ufetubus (D:5)
  2 worms (D:5)
  2 dart slugs (D:3)
  37 orcs
  A bat (D:3)
  3 endoplasms
  6 giant cockroaches
  11 goblins
  13 hobgoblins
  5 jackals
  4 quokkas
  5 ball pythons
  4 frilled lizards
  25 kobolds
  8 rats
227 creatures vanquished.

Vanquished Creatures (others)
  An orc wizard (D:4)
  6 fungi
  3 plants
10 creatures vanquished.

Grand Total: 237 creatures vanquished

Notes
Turn   | Place    | Note
-------+----------+-------------------------------------------
     0 | D:1      | RUZZLEFAZAZZLE the Gnoll Fighter began the quest for the
                  | Orb.
     0 | D:1      | Reached XP level 1. HP: 23/23 MP: 1/1
   146 | D:1      | Reached XP level 2. HP: 29/29 MP: 2/2
   632 | D:2      | Noticed Jessica
   638 | D:2      | Killed Jessica
   639 | D:2      | Reached skill level 1 in Invocations
   639 | D:2      | Reached XP level 3. HP: 30/35 MP: 2/4
   720 | D:2      | Reached skill level 1 in Short Blades
   720 | D:2      | Reached skill level 1 in Long Blades
   720 | D:2      | Reached skill level 1 in Axes
   720 | D:2      | Reached skill level 1 in Polearms
   720 | D:2      | Reached skill level 1 in Staves
   720 | D:2      | Reached skill level 1 in Ranged Weapons
   720 | D:2      | Reached skill level 1 in Throwing
   720 | D:2      | Reached skill level 1 in Dodging
   720 | D:2      | Reached skill level 1 in Stealth
   720 | D:2      | Reached skill level 1 in Unarmed Combat
   720 | D:2      | Reached skill level 1 in Spellcasting
   720 | D:2      | Reached skill level 1 in Evocations
   837 | D:2      | Noticed Terence
   849 | D:2      | Killed Terence
   850 | D:2      | Reached XP level 4. HP: 17/41 MP: 5/5
   851 | D:2      | Reached skill level 1 in Conjurations
   851 | D:2      | Reached skill level 1 in Hexes
   851 | D:2      | Reached skill level 1 in Summonings
   851 | D:2      | Reached skill level 1 in Necromancy
   851 | D:2      | Reached skill level 1 in Translocations
   851 | D:2      | Reached skill level 1 in Transmutations
   851 | D:2      | Reached skill level 1 in Fire Magic
   851 | D:2      | Reached skill level 1 in Ice Magic
   851 | D:2      | Reached skill level 1 in Air Magic
   851 | D:2      | Reached skill level 1 in Earth Magic
   851 | D:2      | Reached skill level 1 in Poison Magic
  1718 | D:2      | Reached XP level 5. HP: 33/47 MP: 5/7
  2339 | D:3      | You fall into a shaft and drop 3 floors!
  2347 | D:5      | Entered Level 5 of the Dungeon
  2393 | D:5      | Reached XP level 6. HP: 38/53 MP: 8/8
  2569 | D:4      | Reached skill level 5 in Maces & Flails
  2626 | D:4      | Noticed Natasha
  2641 | D:4      | Killed Natasha
  2760 | D:4      | Noticed Natasha
  2804 | D:4      | HP: 2/53 [white imp/puff of frost[Natasha] (4)]
  2822 | D:4      | HP: 1/53 [hound (3)]
  2979 | D:4      | Killed Natasha
  3482 | D:3      | Reached XP level 7. HP: 51/60 MP: 10/10
  3725 | D:4      | Noticed Natasha
  3729 | D:4      | Killed Natasha
  4763 | D:5      | Found a burning altar of Makhleb.
  5053 | D:5      | Found a snail-covered altar of Cheibriados.
  5114 | D:5      | Reached XP level 8. HP: 62/67 MP: 12/12
  5123 | D:5      | Gained mutation: Your spells are a little easier to cast,
                  | but a little less powerful. [potion of mutation]
  5247 | D:5      | Found a runed translucent gate.
  5248 | D:5      | Found a runed translucent gate.
  5248 | D:5      | Noticed ripuliukko's ghost (novice GrFi)
  5249 | D:5      | Found a runed translucent gate.
  5352 | D:5      | Lost mutation: Your spells are a little easier to cast, but
                  | a little less powerful. [potion of mutation]
  5352 | D:5      | Gained mutation: Your flesh is heat resistant. (rF+)
                  | [potion of mutation]
  5359 | D:5      | Found a staircase to the Ecumenical Temple.
  5364 | Temple   | Entered the Ecumenical Temple
  5368 | Temple   | Became a worshipper of Warmaster Okawaru
  5494 | D:5      | Identified the +3 war axe of Charity {flame, rC- Str+4
                  | Int+3 Dex+8}
  5672 | D:5      | Killed ripuliukko's ghost
  5886 | D:6      | Found a shadowy altar of Dithmenos.
  6637 | D:7      | Reached XP level 9. HP: 63/73 MP: 14/14
  6958 | D:7      | Reached * piety under Okawaru
  7903 | D:8      | Reached skill level 5 in Invocations
  7915 | D:8      | Reached ** piety under Okawaru
  8177 | D:8      | Found a sacrificial altar of Ru.
  8545 | D:9      | Reached skill level 5 in Short Blades
  8545 | D:9      | Reached skill level 5 in Long Blades
  8545 | D:9      | Reached skill level 5 in Axes
  8545 | D:9      | Reached skill level 5 in Polearms
  8545 | D:9      | Reached skill level 5 in Staves
  8545 | D:9      | Reached skill level 5 in Ranged Weapons
  8545 | D:9      | Reached skill level 5 in Throwing
  8545 | D:9      | Reached skill level 5 in Dodging
  8545 | D:9      | Reached skill level 5 in Stealth
  8545 | D:9      | Reached skill level 5 in Unarmed Combat
  8545 | D:9      | Reached skill level 5 in Spellcasting
  8545 | D:9      | Reached skill level 5 in Evocations
  8545 | D:9      | Reached XP level 10. HP: 61/81 MP: 17/17
  8556 | D:9      | Reached *** piety under Okawaru
  8606 | D:9      | Noticed Maurice
  8617 | D:9      | Paralysed by something for 2 turns
  8871 | D:9      | Killed Maurice
  8996 | D:9      | Reached **** piety under Okawaru
  9006 | D:9      | Found a staircase to the Lair.
  9102 | D:9      | Noticed an elephant
  9112 | D:9      | Killed an elephant
  9112 | D:9      | Received a gift from Okawaru
  9286 | D:9      | Found Tufoyvepp's Assorted Antiques.
  9298 | D:9      | Bought a scroll labelled BAPHI HOIKALU for 31 gold pieces
  9298 | D:9      | Bought a glowing pearl ring for 155 gold pieces
  9298 | D:9      | Bought a scroll labelled VESCHY IMEEN for 31 gold pieces
  9298 | D:9      | Bought a purple potion for 27 gold pieces
  9615 | D:10     | Entered Level 10 of the Dungeon
  9656 | D:10     | Paralysed by a hornet for 2 turns
 10210 | D:10     | Found an opulent altar of Gozag.
 10276 | D:10     | Reached skill level 5 in Conjurations
 10276 | D:10     | Reached skill level 5 in Hexes
 10276 | D:10     | Reached skill level 5 in Summonings
 10276 | D:10     | Reached skill level 5 in Necromancy
 10276 | D:10     | Reached skill level 5 in Translocations
 10276 | D:10     | Reached skill level 5 in Transmutations
 10276 | D:10     | Reached skill level 5 in Fire Magic
 10276 | D:10     | Reached skill level 5 in Ice Magic
 10276 | D:10     | Reached skill level 5 in Air Magic
 10276 | D:10     | Reached skill level 5 in Earth Magic
 10276 | D:10     | Reached skill level 5 in Poison Magic
 10276 | D:10     | Reached XP level 11. HP: 75/89 MP: 20/20
 10980 | D:11     | Found an iron altar of Okawaru.
 11012 | D:11     | Noticed a boulder beetle
 11015 | D:11     | Slain by a boulder beetle

Illustrated notes

Levels and vault maps discovered:
D:1:      reono_arrival_mine, layout_rooms
D:2:      layout_basic, serial_forest, infiniplex_forest_lined_3_way,
          infiniplex_forest_lined_room_2, infiniplex_forest_pool,
          infiniplex_forest_straight_2, infiniplex_forest_clump_tiny,
          uniq_jessica, uniq_terence
D:3:      layout_loops_ring
D:4:      layout_basic, serial_corexii_hall, chequers_hall_statues_y,
          corexii_hall_statues_x, kennysheep_generic_room_15, uniq_natasha
D:5:      layout_gridville, cheibriados_altar_1, makhleb_grotto_becter,
          temple_doors_ab, gammafunk_ghost_nasty_kobolds, hex_tiny,
          kennysheep_decorative_pillar
D:6:      layout_rooms, nicolae_dithmenos_the_darkroom, serial_aquarium,
          aquarium_bridge_square [aquarium_subvault_bridge,
          aquarium_subvault_wall, aquarium_subvault_window,
          aquarium_subvault_bridge], aquarium_window_fake,
          aquarium_window_corner, aquarium_window_fake, aquarium_window_3,
          aquarium_view_2c, aquarium_pool_side
D:7:      layout_basic
D:8:      hellmonk_crumbling_castle, layout_basic, mainiacjoe_overflow_catwalk
D:9:      layout_loops_ring, david_lair_generic, serial_shops, shop,
          uniq_maurice
D:10:     layout_layer_cave, nicolae_overflow_hidden_temple, enter_bailey_4
D:11:     layout_cross, erik_orc_3, okawaru_trees_2
Temple:   sentei_temple_godly_chess

Skill      XL: |  1  2  3  4  5  6  7  8  9 10 |
---------------+-------------------------------+-----
Invocations    | 1 2 3 4 5 6 |  6.8
Short Blades   | 1 2 3 5 6 |  6.2
Long Blades    | 1 2 3 5 6 |  6.2
Axes           | 1 2 3 5 6 |  6.2
Polearms       | 1 2 3 5 6 |  6.2
Staves         | 1 2 3 5 6 |  6.2
Ranged Weapons | 1 2 3 5 6 |  6.2
Throwing       | 1 2 3 5 6 |  6.2
Dodging        | 1 2 3 5 6 |  6.2
Stealth        | 1 2 3 5 6 |  6.2
Unarmed Combat | 1 2 3 5 6 |  6.2
Spellcasting   | 1 2 3 5 6 |  6.2
Evocations     | 1 2 3 5 6 |  6.2
Conjurations   | 1 2 3 4 5 |  5.1
Hexes          | 1 2 3 4 5 |  5.1
Summonings     | 1 2 3 4 5 |  5.1
Necromancy     | 1 2 3 4 5 |  5.1
Translocations | 1 2 3 4 5 |  5.1
Transmutations | 1 2 3 4 5 |  5.1
Fire Magic     | 1 2 3 4 5 |  5.1
Ice Magic      | 1 2 3 4 5 |  5.1
Air Magic      | 1 2 3 4 5 |  5.1
Earth Magic    | 1 2 3 4 5 |  5.1
Poison Magic   | 1 2 3 4 5 |  5.1
Maces & Flails | 5 6 7 |  7.8
Fighting       | 7 8 9 |  9.1
Armour         | 7 8 9 |  9.1
Shields        | 7 8 9 |  9.1

Action                   |  1- 3 |  4- 6 |  7- 9 | 10-12 || total
-------------------------+-------+-------+-------+-------++-------
Melee: Flail             |    78 |   180 |   155 |       ||   413
       Bite              |     5 |    24 |    22 |    20 ||    71
       War axe           |       |       |   153 |   205 ||   358
Evoke: Wand              |       |       |       |     4 ||     4
  Use: Scroll            |       |    10 |     5 |     8 ||    23
       Potion            |       |     9 |     4 |     1 ||    14
Armor: Scale mail        |    32 |    91 |    39 |       ||   162
       Chain mail        |       |       |    75 |   104 ||   179
Dodge: Dodged            |    30 |    95 |   127 |   105 ||   357
Block: Buckler           |    20 |    48 |    92 |    88 ||   248
